 Dungeon Crawl Stone Soup version 0.25.0-11-g1f837a76a1 (webtiles) character file.

Game seed: 7204329760681302760

907 xccam the Cutter (level 8, 0/44 HPs)
             Began as a Tengu Assassin on June 25, 2020.
             Killed from afar by an orc wizard (6 damage)
             ... with an iceblast
             ... on level 5 of the Dungeon.
             The game lasted 00:10:13 (5618 turns).

xccam the Cutter (Tengu Assassin)                   Turns: 5618, Time: 00:10:13

Health: 0/44       AC:  5    Str: 11    XL:     8   Next: 8%
Magic:  9/9        EV: 17    Int: 13    God:
Gold:   237        SH:  0    Dex: 17    Spells: 7/7 levels left

rFire    . . .     SeeInvis .   a - +3 dagger
rCold    . . .     Gourm    .   (no shield)
rNeg     . . .     Faith    .   p - +0 leather armour
rPois    .         Spirit   .   (helmet restricted)
rElec    .         Reflect  .   c - +1 cloak
rCorr    .         Harm     .   (no gloves)
MR       +....                  (boots unavailable)
Stlth    +++.......             (no amulet)
HPRegen  0.14/turn              o - ring of protection from magic
MPRegen  0.11/turn              (no ring)

@: flying quickly and evasively, quick
A: beak, talons 3, able to fly
a: Stop Flying


You were on level 5 of the Dungeon.
You were hungry.

You visited 1 branch of the dungeon, and saw 5 of its levels.

You collected 237 gold pieces.

Inventory:

Hand Weapons
 a - a +3 dagger (weapon)
Missiles
 d - 9 poisoned darts (quivered)
 e - 2 curare-tipped darts
Armour
 c - a +1 cloak (worn)
 j - a +0 kite shield
 p - a +0 leather armour (worn)
 s - a scarf of harm
Jewellery
 o - a ring of protection from magic (left hand)
Wands
 u - a wand of enslavement (3)
 w - a wand of flame (6)
Scrolls
 b - a scroll of fog
 g - 2 scrolls of fear
 k - 2 scrolls of teleportation
 l - a scroll of immolation {unknown}
 y - a scroll of noise {unknown}
 z - a scroll of identify
Potions
 h - a potion of resistance
 i - 2 potions of flight {unknown}
 m - a potion of cancellation
 n - a potion of magic
 r - a potion of ambrosia
 t - a potion of lignification
 v - a potion of haste {unknown}
 x - a potion of brilliance {unknown}
 A - 3 potions of degeneration
 B - a potion of heal wounds {unknown}
 C - a potion of curing {unknown}
Comestibles
 f - 8 rations
 q - 9 chunks of flesh


   Skills:
 - Level 2.0 Fighting
 - Level 5.0 Short Blades
 + Level 4.9 Throwing
 + Level 4.7 Armour
 + Level 5.0 Dodging
 - Level 4.0 Stealth


You had 7 spell levels left.
You didn't know any spells.
Your spell library was empty.

Dungeon Overview and Level Annotations

Branches:
Dungeon (5/15)
 Temple: D:4-7

Altars:
Ru

Annotations:
D:5 Duvessa


Innate Abilities, Weirdness & Mutations

You have a beak for a mouth.
You have claws for feet.
You can fly continuously.


Message History

* * * LOW HITPOINT WARNING * * *
An orc comes into view. It is wielding a +0 dagger.
You hit the orc. You claw the orc, but do no damage.
The orc is lightly wounded.
A giant cockroach comes into view.
The orc barely misses you.
You hit the orc. You claw the orc.
The orc is almost dead.
You hit the orc.
You kill the orc!
You hit the giant cockroach.
The giant cockroach is severely wounded.
The giant cockroach completely misses you.
You closely miss the giant cockroach. You claw the giant cockroach.
You kill the giant cockroach!
Things that are here:
a +0 dagger; an orc corpse Duvessa, Sister of Dowan comes into view.
She is wielding a +0 short sword.
The orc wizard zaps a wand.
The mass of ice explodes!
The iceblast engulfs you.
You die... #...'....# #........# #. #..[#################.# #. #.%.#o...o.......# #)# #. #...oo##########o# .oo

#. .........# #.#
...o. #.
##......o#
#.#......# #.
.........#
######o#......###+
###......o#
#......#......#...
#.......#
#@######......#...
#####'#'#......#
#... ....e......#
###+ ....####.#
... .# .. .# . ..
##


You could see Duvessa (wandering) and an orc wizard.

Vanquished Creatures
  A centaur (D:5)
  A scorpion (D:4)
  A crimson imp (D:3)
  2 orc priests (D:3)
  2 hounds
  A centaur skeleton (D:5)
  Crazy Yiuf (D:3)
  5 orc wizards
  Jessica (D:2)
  Natasha (thrice) (D:4)
  2 worker ants
  2 hound skeletons
  6 adders
  5 shadow imps
  An ooze (D:4)
  2 worms
  2 dart slugs
  19 orcs
  7 bats
  5 giant cockroaches
  8 hobgoblins
  10 jackals
  2 quokkas
  2 ball pythons
  3 frilled lizards
  8 goblins
  7 kobolds
  4 rats
113 creatures vanquished.

Vanquished Creatures (others)
  A jelly (D:5)
  An orc wizard (D:5)
2 creatures vanquished.

Grand Total: 115 creatures vanquished

Notes
Turn   | Place    | Note
-------+----------+-------------------------------------------
     0 | D:1      | xccam the Tengu Assassin began the quest for the Orb.
     0 | D:1      | Reached XP level 1. HP: 12/12 MP: 2/2
    90 | D:1      | Reached XP level 2. HP: 12/17 MP: 3/3
   829 | D:1      | Reached XP level 3. HP: 21/21 MP: 4/4
  1313 | D:2      | Found a sacrificial altar of Ru.
  1331 | D:2      | Reached XP level 4. HP: 10/26 MP: 5/5
  1706 | D:2      | Noticed Jessica
  1714 | D:2      | Killed Jessica
  1714 | D:2      | Reached skill level 5 in Short Blades
  1960 | D:3      | Reached skill level 1 in Armour
  1960 | D:3      | Gained mutation: You can fly continuously. [Tengu growth]
  1960 | D:3      | Reached XP level 5. HP: 11/30 MP: 6/6
  2416 | D:3      | Found a transporter.
  2457 | D:3      | Found a transporter.
  2789 | D:3      | Reached XP level 6. HP: 21/35 MP: 7/7
  3487 | D:3      | Found a runed translucent door.
  3488 | D:3      | Noticed Crazy Yiuf
  3497 | D:3      | Killed Crazy Yiuf
  3695 | D:4      | Noticed Natasha
  3701 | D:4      | Killed Natasha
  3973 | D:4      | Noticed Natasha
  3981 | D:4      | Killed Natasha
  3988 | D:4      | Reached XP level 7. HP: 40/40 MP: 8/8
  3993 | D:4      | Noticed Natasha
  4001 | D:4      | Killed Natasha
  4580 | D:5      | Entered Level 5 of the Dungeon
  5371 | D:5      | Reached XP level 8. HP: 18/44 MP: 9/9
  5570 | D:5      | Reached skill level 5 in Dodging
  5618 | D:5      | Noticed Duvessa
  5618 | D:5      | Killed from afar by an orc wizard

Illustrated notes

Levels and vault maps discovered:
D:1:      dpeg_arrival_rooms_with_view, layout_rooms
D:2:      layout_basic, serial_glass, glass_columns_c, glass_columns_a,
          glass_columns_b, glass_columns_a, glass_columns_c,
          nicolae_ru_great_annihilating_truth, uniq_jessica
D:3:      gammafunk_wand_slinger, layout_loops_ring, uniq_crazy_yiuf_cottage
D:4:      layout_rooms, first_ration, minmay_quantized, uniq_natasha
D:5:      layout_basic, minmay_holes, guppyfry_early_orc_mine, uniq_duvessa

Skill      XL: |  1  2  3  4  5  6  7  8 |
---------------+-------------------------+-----
Short Blades   | 3 4 5 |  5.0
Armour         | 1 2 3 4 |  4.7
Dodging        | 2 3 4 5 |  5.0
Throwing       | 3 4 |  4.9
Fighting       | |  2.0
Stealth        | |  4.0

Action                   |  1- 3 |  4- 6 |  7- 9 || total
-------------------------+-------+-------+-------++-------
Melee: Dagger            |    99 |   126 |   132 ||   357
       Peck              |    15 |    11 |    17 ||    43
       Kick              |    16 |    33 |    49 ||    98
Throw: Dart              |       |    15 |    10 ||    25
 Abil: Fly               |       |     1 |       ||     1
Evoke: Wand              |       |     8 |     2 ||    10
  Use: Scroll            |       |    12 |     1 ||    13
 Stab: Sleeping          |     4 |     7 |       ||    11
       Distracted        |     1 |       |       ||     1
       Paralysed         |     1 |       |       ||     1
  Eat: Chunk             |     1 |     8 |     5 ||    14
Armor: Robe              |    26 |     1 |       ||    27
       Leather armour    |       |    15 |    15 ||    30
Dodge: Dodged            |    54 |    60 |    69 ||   183
